 Dungeon Crawl Stone Soup version 0.29.1-12-g30fa7ad0bf (webtiles) character file.

Game seed: 13728715395614340668

52 xian the Sneak (level 3, 0/22 HPs)
             Began as an Octopode Enchanter on Dec 22, 2022.
             Slain by a gnoll
             ... wielding a +0 club
             ... led by a gnoll bouda
              (9 damage)
             ... on level 3 of the Dungeon.
             The game lasted 00:03:38 (3087 turns).

xian the Sneak (Octopode Enchanter)                 Turns: 3087, Time: 00:03:39

Health: 0/22       AC:  1    Str:  9    XL:     3   Next: 85%
Magic:  6/6        EV: 13    Int: 17    God:
Gold:   112        SH:  0    Dex: 12    Spells: 6/6 levels left

rFire   + . .      SeeInvis .   l - +2 dagger (venom)
rCold   x . .      Faith    .   (no shield)
rNeg    . . .      Spirit   .   (helmet restricted)
rPois   .          Reflect  .   (no amulet)
rElec   .          Harm     .   h - ring of fire
rCorr   .          Rampage  .   (no ring)
Will    .....                   (no ring)
Stlth   ++++......              (no ring)
HPRegen 0.07/turn               (no ring)
MPRegen 0.10/turn               (no ring)
                                (no ring)
                                (no ring)

@: no status effects
A: almost no armour, amphibious, 8 rings, camouflage 1, gelatinous body 1,
(nimble swimmer 1), tentacles
a: no special abilities


You were on level 3 of the Dungeon.
You visited 1 branch of the dungeon, and saw 4 of its levels.

You collected 181 gold pieces.
You spent 69 gold pieces at shops.

Inventory:

Hand Weapons
 l - a +2 dagger of venom (weapon)
Missiles
 m - 25 stones (quivered)
Jewellery
 h - a ring of fire (left tentacle)
Scrolls
 c - a scroll of poison {unknown}
 e - 4 scrolls of identify {unknown}
 f - a scroll of noise {unknown}
 i - a scroll of enchant weapon {unknown}
 j - 3 scrolls of teleportation {unknown}
 k - a scroll of blinking {unknown}
 q - 2 scrolls of fog {unknown}
Potions
 a - a potion of cancellation {unknown}
 b - 2 potions of invisibility
 d - a potion of flight {unknown}
 g - 2 potions of heal wounds {unknown}
 n - a potion of brilliance {unknown}
 o - a potion of attraction {unknown}
 p - a potion of curing {unknown}
 r - a potion of resistance {unknown}


   Skills:
 + Level 0.8 Fighting
 + Level 1.5 Short Blades
 + Level 2.0 Dodging
 + Level 5.2 Stealth
 + Level 2.1 Spellcasting
 + Level 3.4 Hexes


You had 6 spell levels left.
You didn't know any spells.
Your spell library contained the following spells:

 Spells                   Type           Power      Damage    Failure   Level
 Ensorcelled Hibernation  Hex/Ice        14%        N/A       14%         2
 Confusing Touch          Hex            13%        N/A       14%         3
 Tukima's Dance           Hex            13%        N/A       14%         3
 Summon Small Mammal      Summ           4%         N/A       19%         1
 Blink                    Tloc           2%         N/A       28%         2
 Dazzling Flash           Conj/Hex       14%        N/A       28%         3
 Portal Projectile        Hex/Tloc       14%        N/A       28%         3
 Summon Guardian Golem    Hex/Summ       7%         N/A       28%         3
 Call Canine Familiar     Summ           1%         N/A       50%         3
 Lesser Beckoning         Tloc           1%         N/A       50%         3
 Fulminant Prism          Conj/Hex       3%         3d6       67%         4
 Iskenderun's Mystic Bla  Conj/Tloc      1%         2d3       88%         4
 Blade Hands              Tmut           0%         N/A       99%         5
 Lee's Rapid Deconstruct  Erth           0%         3d5*      99%         5
 Manifold Assault         Tloc           1%         N/A       99%         5


Dungeon Overview and Level Annotations

Branches:
Dungeon (4/15)
 Temple: D:4-7

Altars:

Shops:
D:3 *


Innate Abilities, Weirdness & Mutations

You cannot wear most types of armour.
You are amphibious.
You can wear up to eight rings at the same time.
Your skin changes colour to match your surroundings (Stealth+).
Your rubbery body absorbs attacks. (AC +1, EV +1)
((You are camouflaged when in or above water. (Stealth+)))
You have tentacles for arms and can constrict up to eight enemies at once.


Message History

There is an open door here.
There is a stone staircase leading down here.
You see here a +0 leather armour.
There is a stone staircase leading down here.
There is an open door here.
A rat comes into view.
The rat closely misses you. The rat bites you. The rat closely misses you.
The rat completely misses you.
You hit the rat.
You kill the rat!
Done exploring.
Done exploring.
Done exploring.
There is a stone staircase leading down here.
You climb downwards.
Found a book of Frost.
There is a stone staircase leading up here.
You can't go down here!
The gnoll shouts! x3
A gnoll comes into view. It is wielding a +0 flail.
The gnoll hits you with a +0 club.
The gnoll shouts! x2
You hit the gnoll.
The gnoll is poisoned.
Your grab misses the gnoll.
The gnoll is lightly wounded.
The gnoll misses you.
The gnoll bouda calls upon its god to heal the gnoll.
The gnoll's wounds heal themselves!
There is a stone staircase leading up here.
The gnoll barely misses you.
You climb upwards.
There is a stone staircase leading down here.
You hit the gnoll.
The gnoll is poisoned.
Your grab misses the gnoll.
The gnoll is lightly wounded.
You hit the gnoll.
The gnoll looks as sick as possible!
Your grab misses the gnoll.
The gnoll is severely wounded.
The gnoll hits you with a +0 club! x2
You die...

### #........................
..### #.#######################
#...# #.##......# ###.#
#.##.####.########### ###.#
#.#.................#
..#'#####.#.....#.#########.#
........#.#.....#.#...# #.#
#.......#.#.....#...#'### #.#
#.......#.#####.@g#.+∩'.###.#
#.......#.....#..g#.#+#...#.#####
#.......#####.##..###............
#.......# #.##..# ##......#####
#.......# ##.##.># ##...........
#.......# #..##..# #.......####.
#.......####......# #...#.#.####.
###.#####...###...###...#........
........#.#..##.....+...+.#.####.


You could see 2 gnolls.

Vanquished Creatures
  An adder (D:2)
  A worm (D:2)
  3 dart slugs
  A ball python (D:1)
  An endoplasm (D:1)
  3 giant cockroaches
  2 goblins
  A hobgoblin (D:2)
  6 jackals
  3 bats
  2 frilled lizards (D:1)
  4 kobolds
  7 rats
35 creatures vanquished.

Notes
Turn   | Place    | Note
-------+----------+-------------------------------------------
     0 | D:1      | xian the Octopode Enchanter began the quest for the Orb.
     0 | D:1      | Reached XP level 1. HP: 11/11 MP: 3/3
   309 | D:1      | Reached XP level 2. HP: 14/17 MP: 5/5
   638 | D:1      | You fall into a shaft and drop 1 floor!
   655 | D:2      | Reached XP level 3. HP: 21/21 MP: 6/6
  1000 | D:2      | Found a faded altar of an unknown god.
  1985 | D:3      | Reached skill level 5 in Stealth
  2049 | D:3      | Found Etuups's Assorted Antiques.
  2052 | D:3      | Bought a scroll labelled WIFIUCLUTWI for 24 gold pieces
  2052 | D:3      | Bought a scroll labelled FOTOYNL NOZOLL for 24 gold pieces
  2052 | D:3      | Bought a golden potion for 21 gold pieces
  3087 | D:3      | Slain by a gnoll

Illustrated notes

Levels and vault maps discovered:
D:1:      dpeg_arrival_round_a, layout_loops_ring
D:2:      layout_basic, shapermc_ecumenical_altar_mp_highgroup,
          grunt_decor_mini_mirrors
D:3:      layout_basic, serial_co_window_serial, co_window_paths_a,
          co_window_corner_a, co_window_corner_a, co_window_paths_b,
          co_window_paths_a, co_window_paths_b, co_window_paths_b,
          co_window_corner_b, co_window_unsneaky_path_a, co_window_corner_b,
          co_window_broadway_c, co_window_of_opportunity_b, co_window_sun,
          glass_columns_a, serial_shops, nicolae_shop_behind_doors
D:4:      layout_gridville, lemuel_doored_altar

Skill      XL: |  1  2  3 |
---------------+----------+-----
Stealth        | 5 |  5.2
Fighting       | |  0.8
Short Blades   | |  1.5
Dodging        | |  2.0
Spellcasting   | |  2.1
Hexes          | |  3.4

Action                   || total
-------------------------++-------
Melee: Dagger            ||    55
       Constrict         ||    11
       Tentacles         ||     6
 Stab: Sleeping          ||    18
Armor: Skin              ||     2
Dodge: Dodged            ||    27
